 Dungeon Crawl Stone Soup version 0.21.1-1-g345015f (webtiles) character file.

82 shakethe the Chopper (level 4, 0/39 HPs)
             Began as a Hill Orc Gladiator on Feb 26, 2018.
             Slain by Natasha (7 damage)
             ... on level 2 of the Dungeon.
             The game lasted 00:01:39 (1659 turns).

shakethe the Chopper (Hill Orc Gladiator)           Turns: 1659, Time: 00:01:40

Health: 0/39       AC:  4    Str: 16    XL:     4   Next: 43%
Magic:  4/4        EV: 11    Int:  9    God:
Gold:   107        SH:  3    Dex: 12    Spells: 3/3 levels left

rFire    . . .     SeeInvis .   a - +0 war axe
rCold    . . .     Gourm    .   p - +0 buckler
rNeg     . . .     Faith    .   b - +0 leather armour
rPois    .         Spirit   .   c - +0 helmet
rElec    .         Reflect  .   (no cloak)
rCorr    .         Harm     .   (no gloves)
MR       .....                  (no boots)
Stlth    +.........             (no amulet)
HPRegen  0.13/turn              (no ring)
MPRegen  0.09/turn              (no ring)

@: no status effects
A: no striking features
a: no special abilities


You were on level 2 of the Dungeon.
You were hungry.

You visited 1 branch of the dungeon, and saw 2 of its levels.

You collected 107 gold pieces.

Inventory:

Hand Weapons
 a - a +0 war axe (weapon)
Missiles
 d - 3 throwing nets {=f, !d}
Armour
 b - a +0 leather armour (worn)
 c - a +0 helmet (worn)
 p - a +0 buckler (worn)
   (You found it on level 2 of the Dungeon)
Scrolls
 g - a scroll of magic mapping {unknown}
 i - 2 scrolls of identify {unknown}
 k - a scroll of teleportation {unknown}
 m - 2 scrolls of remove curse {unknown}
 n - 2 scrolls of fog {unknown}
 s - 3 scrolls of blinking {unknown}
Potions
 e - 3 potions of lignification {unknown}
 h - 2 potions of heal wounds {unknown}
 j - a potion of curing {unknown}
 l - a potion of agility {unknown}
 o - a potion of mutation {unknown}
 q - a potion of magic {unknown}
 r - 2 potions of cancellation {unknown}
Comestibles
 f - 2 rations


   Skills:
 + Level 3.6 Fighting
 * Level 6.0 Axes
 - Level 1.7 Throwing
 - Level 2.4 Dodging
 + Level 0.0 Shields


You had 3 spell levels left.
You didn't know any spells.

Dungeon Overview and Level Annotations

Branches:
Dungeon (2/15)

Altars:
Hepliaklqana
Wu Jian
Xom

Annotations:
D:2 Natasha


Message History

You take 9 damage, and have 20/39 hp.
MASSIVE DAMAGE!!
Unknown command.
You are too injured to fight recklessly!
You are too injured to fight recklessly!
You are too injured to fight recklessly!
You are too injured to fight recklessly!
You are too injured to fight recklessly!
You are too injured to fight recklessly!
You are too injured to fight recklessly!
You are too injured to fight recklessly!
You are too injured to fight recklessly!
You slash the worm! You hit the worm. The worm closely misses you.
You completely miss the worm. The worm bites you.
You take 1 damage, and have 19/39 hp.
You slash the worm!
You kill the worm!
Your Axes skill increases to level 6!
You see here a worm corpse.
You see here a worm corpse.
Natasha, Servant of Life and Death comes into view.
You start resting.
You regained 2 hp, and now have 24/39 hp.
You start resting.
Health restored: 39 You see here a buckler.
p - a buckler You start putting on your armour.
You continue putting on your buckler. x4
You finish putting on your +0 buckler.
A hobgoblin comes into view.
The hobgoblin shouts!
You hear a shout!
You hear an angry hiss.
A hobgoblin comes into view. It is wielding a club.
Found an ornate altar of the Wu Jian Council.
You hit the hobgoblin.
You kill the hobgoblin!
There are monsters nearby!
The hobgoblin hits you but does no damage.
Natasha casts a spell.
You closely miss the hobgoblin. The hobgoblin closely misses you.
You barely miss the hobgoblin. The hobgoblin hits you with a club!
The hobgoblin hits you but does no damage.
You take 7 damage, and have 32/39 hp.
You hit the hobgoblin. The hobgoblin hits you with a club.
You take 5 damage, and have 27/39 hp.
You barely miss the hobgoblin. The hobgoblin closely misses you.
You hit the hobgoblin. The hobgoblin hits you with a club.
You take 4 damage, and have 23/39 hp.
You are too injured to fight recklessly!
You are too injured to fight recklessly!
You are too injured to fight recklessly!
You are too injured to fight recklessly!
You are too injured to fight recklessly!
You are too injured to fight recklessly!
You are too injured to fight recklessly!
You are too injured to fight recklessly!
You are too injured to fight recklessly!
You are too injured to fight recklessly!
You are too injured to fight recklessly!
You are too injured to fight recklessly!
You are too injured to fight recklessly!
You are too injured to fight recklessly!
You are too injured to fight recklessly!
You are too injured to fight recklessly!
You barely miss the hobgoblin. The hobgoblin hits you with a club.
You take 2 damage, and have 21/39 hp.
You closely miss the hobgoblin. The hobgoblin closely misses you.
You slash the hobgoblin!
You kill the hobgoblin!
The shadow imp gestures at you. Pain shoots through your body!
You hit the shadow imp. The shadow imp hits you.
You take 2 damage, and have 19/39 hp.
You barely miss the shadow imp.
You are feeling hungry.
The shadow imp barely misses you.
You slash the shadow imp! The shadow imp hits you. The shadow imp misses you.
You take 3 damage, and have 16/39 hp.
Your shield prevents you from hitting the shadow imp.
The shadow imp disappears in a puff of smoke!
Natasha howls an incantation.
You feel troubled. Natasha claws you.
Things that are here:
a club; a hobgoblin corpse You take 1 damage, and have 15/39 hp.
Natasha casts a spell at you. You resist with some effort. Natasha claws you.
You take 1 damage, and have 15/39 hp.
You hit Natasha.
Natasha claws you but does no damage. x2
You closely miss Natasha. Natasha claws you but does no damage.
You closely miss Natasha. Natasha claws you!
* * * LOW HITPOINT WARNING * * *
You take 7 damage, and have 8/39 hp.
You slash Natasha! Natasha claws you.
* * * LOW HITPOINT WARNING * * *
You take 1 damage, and have 7/39 hp.
You hit Natasha. Natasha claws you!
You die...

#.......##..........##.#
#.##.................#.#
#.##..#.##.##..........#
#....................#.#
#......####.####.......#
#.####.##.....##....####
#......#.......#..#.#
#.###..#h.....$#..#.#
#.# #..)@.._..(...#.#
#.# #..#.......#..#.#
#.# #..#.......#. #†#
..# #..##.....## #.# ..#
#..# ##.### #.# .. #...
... #.# #... .?......#
#.. #########


You could see Natasha.

Vanquished Creatures
  An adder (D:2)
  An ooze (D:2)
  A worm (D:2)
  2 dart slugs
  2 leopard geckos (D:2)
  3 bats (D:1)
  2 giant cockroaches (D:2)
  7 goblins
  8 hobgoblins
  11 jackals
  4 kobolds
  2 quokkas (D:2)
  2 ball pythons (D:1)
  2 frilled lizards (D:2)
  4 rats
52 creatures vanquished.

Notes
Turn   | Place    | Note
-------+----------+-------------------------------------------
     0 | D:1      | shakethe the Hill Orc Gladiator began the quest for the Orb.
     0 | D:1      | Reached XP level 1. HP: 18/18 MP: 1/1
    85 | D:1      | Reached XP level 2. HP: 18/25 MP: 2/2
   139 | D:1      | Reached skill level 3 in Fighting
   447 | D:1      | Reached skill level 5 in Axes
   493 | D:1      | Reached XP level 3. HP: 31/31 MP: 3/3
   978 | D:2      | Reached XP level 4. HP: 22/38 MP: 4/4
  1140 | D:2      | Found a shimmering altar of Xom.
  1141 | D:2      | Found a hazy altar of Hepliaklqana.
  1142 | D:2      | Noticed a spectral ugly thing
  1457 | D:2      | Reached skill level 6 in Axes
  1471 | D:2      | Noticed Natasha
  1637 | D:2      | Found an ornate altar of the Wu Jian Council.
  1657 | D:2      | HP: 8/39 [Natasha (7)]
  1659 | D:2      | Slain by Natasha

Skill      XL: |  1  2  3  4 |
---------------+-------------+-----
Fighting       | 3 |  3.6
Axes           | 5 6 |  6.0
Throwing       | |  1.7
Dodging        | |  2.4

Action                   |  1- 3 |  4- 6 || total
-------------------------+-------+-------++-------
Melee: War axe           |    87 |    41 ||   128
  Eat: Chunk             |       |     2 ||     2
Armor: Leather armour    |    36 |    10 ||    46
Dodge: Dodged            |    58 |    24 ||    82

Vault maps used:
D:1:      erik_arrival_triangle_small
D:2:      regret_index_temple_of_mockery, old_standard_altar,
          minmay_tromino_v4_c, uniq_natasha

Table legend:
 A = Turns spent in this place as a percentage of turns spent in the entire game.
 B = Non-inter-level travel turns spent in this place as a percentage of non-inter-level travel turns spent in the entire game.
 C = Inter-level travel turns spent in this place as a percentage of turns spent in this place.
 D = Turns resting spent in this place as a percentage of non-inter-level travel turns spent in this place.
 E = Turns spent auto-exploring this place as a percentage of non-inter-level travel turns spent in this place.
 F = Non-inter-level travel turns spent in this place divided by the number of levels of this place that you've seen.
                   A       B       C       D       E      F
               +-------+-------+-------+-------+-------+----------------------
         Total | 100.0 | 100.0 |   1.4 |  29.0 |  50.6 | 818.0
       Dungeon | 100.0 | 100.0 |   1.4 |  29.0 |  50.6 | 818.0
               +-------+-------+-------+-------+-------+----------------------

Table legend:
 A = Kills in this place as a percentage of kills in entire the game.
 B = Kills by you in this place as a percentage of kills by you in the entire game.
 C = Kills by friends in this place as a percentage of kills by friends in the entire game.
 D = Other kills in this place as a percentage of other kills in the entire game.
 E = Experience gained in this place as a percentage of experience gained in the entire game.
 F = Experience gained in this place divided by the number of levels of this place that you have seen.
                   A       B       C       D       E      F
               +-------+-------+-------+-------+-------+----------------------
         Total | 100.0 | 100.0 |   N/A |   N/A | 100.0 |  59.0
       Dungeon | 100.0 | 100.0 |   N/A |   N/A | 100.0 |  59.0
               +-------+-------+-------+-------+-------+----------------------
